 Dungeon Crawl Stone Soup version 0.28.0 (webtiles) character file.

Game seed: 4621292275665825459

3 shvnji the Ducker (level 1, 0/17 HPs)
             Began as a Ghoul Gladiator on Feb 18, 2022.
             Slain by a hobgoblin (3 damage)
             ... on level 1 of the Dungeon.
             The game lasted 00:00:30 (71 turns).

shvnji the Ducker (Ghoul Gladiator)                   Turns: 71, Time: 00:00:30

Health: 0/17       AC:  4    Str: 17    XL:     1   Next: 50%
Magic:  0/0        EV: 12    Int:  3    God:
Gold:   0          SH:  0    Dex: 10    Spells: 0/0 levels left

rFire   . . .      SeeInvis .   a - +0 long sword
rCold   + . .      Faith    .   (no shield)
rNeg    + + +      Spirit   .   b - +0 leather armour
rPois   ∞          Reflect  .   c - +0 helmet
rElec   .          Harm     .   (no cloak)
rCorr   .          Rampage  .   (no gloves)
Will    .....                   (no boots)
Stlth   +.........              (no amulet)
HPRegen 0.00/turn               (no ring)
MPRegen 0.07/turn               (no ring)

@: inhibited regen
A: claws 1, cold resistance 1, negative energy resistance 3, inhibited
regeneration, torment resistance 2
a: no special abilities


You were on level 1 of the Dungeon.
You visited 1 branch of the dungeon, and saw 1 of its levels.

Inventory:

Hand Weapons
 a - a +0 long sword (weapon)
Missiles
 d - 3 throwing nets (quivered)
Armour
 b - a +0 leather armour (worn)
 c - a +0 helmet (worn)


   Skills:
 + Level 2.2 Fighting
 + Level 2.7 Long Blades
 + Level 1.8 Throwing
 + Level 2.8 Dodging


You couldn't memorise any spells.
You didn't know any spells.
Your spell library was empty.

Dungeon Overview and Level Annotations

Branches:
Dungeon (1/15)

Altars:


Innate Abilities, Weirdness & Mutations

You thrive by killing the living.
You are immune to poison.
You have sharp fingernails.
Your flesh is cold resistant. (rC+)
You are immune to negative energy. (rN+++)
You do not regenerate when monsters are visible.
You are immune to unholy pain and torment.


Message History

The bat misses you.
You barely miss the bat. The bat hits you but does no damage.
The hobgoblin closely misses you. The endoplasm barely misses you.
The bat hits you but does no damage. The hobgoblin misses you.
The rat misses you.
You closely miss the bat. The bat closely misses you.
The bat barely misses you. The hobgoblin barely misses you.
The endoplasm barely misses you. The rat bites you but does no damage.
The bat barely misses you. The hobgoblin hits you.
You hit the endoplasm.
The endoplasm is severely wounded.
The bat hits you but does no damage. The endoplasm misses you.
The rat completely misses you. The bat hits you but does no damage.
The hobgoblin hits you but does no damage.
The endoplasm hits you but does no damage.
You slash the endoplasm!
You kill the endoplasm!
The bat hits you but does no damage. The rat bites you.
* * * LOW HITPOINT WARNING * * *
The hobgoblin hits you but does no damage.
The endoplasm closely misses you. The bat closely misses you.
The rat bites you but does no damage.
You hit the bat.
The bat is heavily wounded.
The bat hits you but does no damage.
The hobgoblin hits you but does no damage.
The endoplasm freezes you.
You are frozen.
You resist.
* * * LOW HITPOINT WARNING * * *
The rat barely misses you.
The hobgoblin hits you but does no damage.
You hit the rat.
You kill the rat!
The bat closely misses you. The endoplasm freezes you.
You are frozen.
You resist.
* * * LOW HITPOINT WARNING * * *
The hobgoblin barely misses you. The endoplasm closely misses you.
The bat barely misses you. The hobgoblin hits you.
You die...

# # . .. #. ###...
#.#############......
#....................
#..................
#.J.g.......####...
###.@#####..# .
####.######.##
...b.........#
##....#...##.......
...#.##....########
..###.##.....## ..#
..###.....## .. .##
##.....## ##.....##


You could see an endoplasm, a hobgoblin and a bat.

Vanquished Creatures
  2 endoplasms (D:1)
  A rat (D:1)
3 creatures vanquished.

Notes
Turn   | Place    | Note
-------+----------+-------------------------------------------
     0 | D:1      | shvnji the Ghoul Gladiator began the quest for the Orb.
     0 | D:1      | Reached XP level 1. HP: 17/17 MP: 0/0
    71 | D:1      | Slain by a hobgoblin

Illustrated notes

Levels and vault maps discovered:
D:1:      psy_arrival_spokes, layout_rooms, shapermc_ecumenical_altar_petra,
          serial_shops, nicolae_shop_bloodbath_and_beyond, serial_forest,
          infiniplex_forest_lined_1, infiniplex_forest_zigzag_2,
          infiniplex_forest_lined_room_3, infiniplex_forest_straight_4,
          infiniplex_forest_clump_cross, infiniplex_forest_clump_medium,
          infiniplex_forest_zigzag_2

Action                   || total
-------------------------++-------
Melee: Long sword        ||    12
Armor: Leather armour    ||    29
Dodge: Dodged            ||    44
